 Dungeon Crawl Stone Soup version 0.30-a0-777-ga9a30cbeda (webtiles) character file.

Game seed: 17524930591374419630

38304 AzureAlchemist the Grappler (level 14, -2/119 (124) HPs)
             Began as a Ghoul Monk on Feb 12, 2023.
             Was a High Priest of Dithmenos.
             Slain by Urug
             ... wielding a +6 great sword
              (5 damage)
             ... on level 4 of the Lair of Beasts on Feb 13, 2023.
             The game lasted 01:24:01 (20420 turns).

AzureAlchemist the Grappler (Ghoul Monk)           Turns: 20420, Time: 01:24:02

HP:   -2/119 (124)  AC: 12    Str: 24    XL:     14   Next: 1%
MP:   13/22         EV: 20    Int:  5    God:    Dithmenos [*****.]
Gold: 207           SH:  0    Dex: 10    Spells: 23/25 levels left

rFire   + . .      SeeInvis .      - Unarmed
rCold   + . .      Faith    .    (no shield)
rNeg    + + +      Spirit   .    u - +1 acid dragon scales
rPois   ∞          Reflect  .    G - +0 helmet
rElec   +          Harm     .    (no cloak)
rCorr   +          Rampage  .    w - +0 pair of gloves
Will    ∞                        k - +0 pair of boots
Stlth   ++++                     H - amulet "Bikaurun" {Acrobat rF+}
HPRegen 0.00/turn                O - ring "Cieffikh" {rElec EV+5 Str+6 Dex-3}
MPRegen 0.18/turn                L - +4 ring of slaying

@: mighty, shadow-form, inhibited regen, wreathed by umbra, lightly drained,
invisible
A: shadow resist, half damage, bleed smoke, invisible, claws 1, cold resistance
1, negative energy resistance 3, inhibited regeneration, torment resistance 2,
devour on kill
a: End Transformation, Renounce Religion, Shadow Step, Shadow Form


You were on level 4 of the Lair of Beasts.
You worshipped Dithmenos.
Dithmenos was extremely pleased with you.
You were a swirling mass of dark shadows.
You visited 3 branches of the dungeon, and saw 15 of its levels.

You collected 1851 gold pieces.
You spent 1644 gold pieces at shops.

Inventory:

Hand Weapons
 b - a +2 sling of draining
 c - a +0 arbalest
Missiles
 d - a throwing net
Armour
 k - a +0 pair of boots (worn)
 s - a +1 robe of fire resistance
 u - +1 acid dragon scales (worn)
 w - a +0 pair of gloves (worn)
 B - a +0 troll leather armour
 G - a +0 helmet (worn)
Jewellery
 r - a ring of willpower
 y - a ring of see invisible
 A - the ring "Uxufad" {rElec rPois rF+}
   (You bought it in a shop on level 1 of the Dungeon)

   [ring of poison resistance]

   rF:        It protects you from fire.
   rElec:     It insulates you from electricity.
   rPois:     It protects you from poison.
 D - a +4 ring of protection
 H - the amulet "Bikaurun" (around neck) {Acrobat rF+}
   (You found it on level 1 of the Lair of Beasts)

   [amulet of the acrobat]

   It increases your evasion while moving and waiting.
   rF:        It protects you from fire.
 L - a +4 ring of slaying (right hand)
 O - the ring "Cieffikh" (left hand) {rElec EV+5 Str+6 Dex-3}
   (You found it on level 2 of the Lair of Beasts)

   [ring of evasion]

   EV:        It affects your evasion (+5).
   Str:       It affects your strength (+6).
   Dex:       It affects your dexterity (-3).
   rElec:     It insulates you from electricity.
Wands
 m - a wand of flame (19)
 n - a wand of paralysis (16)
 q - a wand of mindburst (31)
 F - a wand of polymorph (5)
 M - a wand of acid (3)
Scrolls
 e - 5 scrolls of immolation
 g - 4 scrolls of magic mapping
 t - 4 scrolls of teleportation
 x - 4 scrolls of butterflies
 C - 2 scrolls of enchant armour
 E - a scroll of enchant weapon
 I - 2 scrolls of fear
 J - a scroll of poison
 K - 2 scrolls of identify
 N - a scroll of amnesia
Potions
 a - 3 potions of lignification
 f - 4 potions of ambrosia
 h - a potion of berserk rage
 i - 5 potions of curing
 j - a potion of might
 l - a potion of haste
 o - 7 potions of attraction
 p - a potion of heal wounds
 v - 2 potions of mutation
 z - a potion of cancellation
 P - 2 potions of flight {unknown}


   Skills:
 + Level 11.6 Fighting
 - Level 5.0 Armour
 + Level 11.4 Dodging
 - Level 2.1 Stealth
 + Level 11.6 Unarmed Combat
 - Level 6.0 Spellcasting
 - Level 6.0 Translocations
 - Level 11.0 Invocations


You had 23 spell levels left.
You knew the following spells:

 Your Spells              Type           Power      Damage    Failure   Level
a - Blink                 Tloc           2%         N/A       4%          2

Your spell library contained the following spells:

 Spells                   Type           Power      Damage    Failure   Level
 Vhi's Electric Charge    Tloc/Air       2%         N/A       30%         3
 Freeze                   Ice            0%         1d3       34%         1
 Necrotise                Necr           0%         1d4       34%         1
 Sting                    Tmut/Pois      0%         1d3       34%         1
 Kindle Blastsparks       Fire/Tloc/Air  0%         2d10      43%         3
 Static Discharge         Conj/Air       0%         2-2/arc   47%         2
 Frozen Ramparts          Ice            0%         1d1       71%         3
 Hailstorm                Conj/Ice       0%         3d3       71%         3
 Ozocubu's Armour         Ice            0%         N/A       71%         3
 Stone Arrow              Conj/Erth      0%         3d7       71%         3
 Vampiric Draining        Necr           0%         2d6       71%         3
 Animate Armour           Summ/Erth      0%         N/A       98%         4
 Petrify                  Tmut/Erth      0%         N/A       98%         4
 Summon Ice Beast         Ice/Summ       0%         N/A       98%         4
 Agony                    Necr           0%         N/A       100%        5
 Arcjolt                  Conj/Air       0%         1d10      100%        5
 Irradiate                Conj/Tmut      0%         3d11      100%        5
 Lightning Bolt           Conj/Air       0%         1d11      100%        5
 Metabolic Englaciation   Hex/Ice        0%         N/A       100%        5
 Summon Mana Viper        Hex/Summ       0%         N/A       100%        5
 Simulacrum               Ice/Necr       0%         N/A       100%        6
 Summon Cactus Giant      Summ           0%         N/A       100%        6
 Monstrous Menagerie      Summ           0%         N/A       100%        7
 Lehudib's Crystal Spear  Conj/Erth      0%         10d2      100%        8
 Maxwell's Capacitive Co  Air            0%         ∞         100%        8
 Sublimation of Blood     Necr           Unusable   N/A       N/A         2

Dungeon Overview and Level Annotations

Branches:
Dungeon (10/15)            Temple (1/1) D:7            Lair (4/5) D:10
  Swamp (0/4) Lair:2       Spider (0/4) Lair:3          Orc (0/2) D:10
  Slime: Lair:4-5

Altars:
Ashenzari
Cheibriados
Dithmenos
Fedhas
Gozag
Hepliaklqana
Kikubaaqudgha
Makhleb
Nemelex Xobeh
Okawaru
Qazlal
Ru
Sif Muna
Trog
Uskayaw
Vehumet
Wu Jian
Xom
Yredelemnul

Shops:
D:1 =   D:2 *(![*

Portals:
Trove: D:10 (give storm dragon scales of Serendipity)

Annotations:
Lair:4 Urug


Innate Abilities, Weirdness & Mutations

You are a swirling mass of dark shadows.
You are immune to unholy torment and to willpower attacks.
Damage taken is halved, but you are drained when taking damage.
Your attacks are insubstantial and do half damage.
You bleed smoke when taking damage.
You are invisible.
Your spellcasting is less reliable in this form.
You are immune to poison.
You have sharp fingernails.
Your flesh is cold resistant. (rC+)
You are immune to negative energy. (rN+++)
You do not regenerate when monsters are visible.
You are immune to unholy pain and torment.
You thrive by killing the living.


Message History

No target in view!
You sense an unholy aura.
b - a +2 sling of draining (weapon)
Urug the Orcish Ballista comes into view.
She is wielding a +6 great sword and wearing a +1 chain mail of positive energy.
Urug shouts!
Urug throws a javelin.
The javelin pierces through you!
You are now empty-handed.
You start resting.
Urug is nearby!
Urug hits you with a +6 great sword!
You hit Urug.
Urug is lightly wounded.
Urug completely misses you.
You hit Urug.
Urug is lightly wounded.
Urug hits you with a +6 great sword!!
You emit a cloud of dark smoke.
You hit Urug but do no damage.
Urug is lightly wounded.
Your shadow closely misses Urug.
Urug hits you with a +6 great sword!
You feel very mighty all of a sudden. Urug hits you with a +6 great sword!!
* * * LOW HITPOINT WARNING * * *
You closely miss Urug.
Urug is lightly wounded.
You closely miss Urug.
Urug is lightly wounded.
Urug hits you with a +6 great sword!
* * * LOW HITPOINT WARNING * * *
You punch Urug! x2
Urug is heavily wounded.
Urug hits you with a +6 great sword!!
* * * LOW HITPOINT WARNING * * *
Okay, then.
Okay, then.
Okay, then.
Unknown command.
You turn into a swirling mass of dark shadows.
You feel drained.
You fade into the shadows.
Urug hits you with a +6 great sword!
You die...
P.o

.... ..... ### .... #..##
#..# #.............
###...#####...# .....#...
#..P...§#§§...###........
.......oW§§....#.........
.......§§§§..............
.......§§§§#.............
###......#####.#.........
##......# #...†......
#.....### ##...##....
##....#.# ###..##.#...
.##.....## #...######..
.........#####P..# #P.


You could see Urug (unable to see you).

Vanquished Creatures
  A catoblepas (Lair:3)
  A fire crab (D:10)
  A lindwurm (Lair:3)
  A manticore (Lair:2)
  14 elephants
  3 black mambas
  Joseph (D:10)
  A kobold demonologist (D:10)
  Maggie (D:6)
  7 cane toads
  A rime drake (Lair:1)
  An unseen horror (D:7)
  6 komodo dragons
  4 polar bears
  5 trolls
  A queen bee (Lair:2)
  9 blink frogs
  A hornet (Lair:2)
  Sigmund (D:3)
  A slime creature (D:7)
  2 culicivoras (Lair:3)
  A jumping spider (Lair:3)
  A wraith (D:10)
  A shadow (D:10)
  3 wyverns
  A ynoxinul (D:9)
  A vampire (D:9)
  A basilisk (Lair:1)
  49 yaks
  Eustachio (D:6)
  A human (D:10)
  2 redbacks (Lair:3)
  10 vampire mosquitoes
  4 steam dragons
  Duvessa (D:4)
  18 water moccasins
  6 ice beasts
  3 sky beasts
  2 orc warriors
  2 ogres
  3 black bears
  11 wolves
  4 centaurs
  5 phantoms
  3 kobold brigands
  16 bullfrogs
  2 scorpions
  3 necrophages
  13 wights
  Dowan (D:4)
  31 killer bees
  An electric eel (Lair:2)
  3 howler monkeys
  4 hounds
  12 orc priests
  A jelly (D:7)
  6 iguanas
  2 human skeletons (D:10)
  23 orc wizards
  A hell rat (Lair:2)
  A hound skeleton (D:4)
  11 adders
  16 gnolls
  3 shadow imps
  4 white imps
  An ufetubus (D:7)
  2 worms
  4 dart slugs
  73 orcs
  4 bats
  7 endoplasms
  2 giant cockroaches
  6 hobgoblins
  6 quokkas
  6 ball pythons
  6 frilled lizards
  5 goblins
  15 kobolds
  4 rats
492 creatures vanquished.

Vanquished Creatures (others)
  18 fungi
  34 plants
52 creatures vanquished.

Grand Total: 544 creatures vanquished

Notes
Turn   | Place    | Note
-------+----------+-------------------------------------------
     0 | D:1      | AzureAlchemist the Ghoul Monk began the quest for the Orb.
     0 | D:1      | Reached XP level 1. HP: 19/19 MP: 0/0
   130 | D:1      | Reached XP level 2. HP: 26/26 MP: 1/1
   138 | D:1      | Got the Precepts of Nonlocality and the Entourage
   311 | D:1      | Found Siruiffa's Jewellery Boutique.
   538 | D:2      | Reached XP level 3. HP: 31/31 MP: 2/2
   641 | D:2      | Found Bosufaifuck's Antique Weapon Shop.
   711 | D:2      | Found Jyucilo's Assorted Antiques.
   790 | D:2      | Reached skill level 5 in Unarmed Combat
   795 | D:2      | Reached XP level 4. HP: 38/38 MP: 3/3
   888 | D:2      | Found Lidothon's Distillery.
   918 | D:2      | Found Beyfuxto's Armour Shop.
  1129 | D:2      | Found Raluem's General Store.
  1137 | D:2      | Bought a scroll of teleportation for 36 gold pieces
  1430 | D:3      | Reached XP level 5. HP: 45/45 MP: 4/4
  1808 | D:3      | Noticed Sigmund
  1974 | D:3      | Killed Sigmund
  1975 | D:3      | Reached XP level 6. HP: 40/52 MP: 5/5
  2638 | D:4      | Noticed an ice beast
  2649 | D:3      | Killed an ice beast
  2650 | D:3      | Reached XP level 7. HP: 60/60 MP: 6/6
  2664 | D:4      | Reached skill level 5 in Fighting
  2880 | D:4      | Noticed Duvessa
  2885 | D:4      | Noticed Dowan
  2914 | D:4      | Killed Duvessa
  2923 | D:4      | Killed Dowan
  2924 | D:4      | Reached skill level 5 in Dodging
  3164 | D:4      | Found a burning altar of Makhleb.
  3182 | D:4      | Reached XP level 8. HP: 52/70 MP: 7/7
  3432 | D:5      | Entered Level 5 of the Dungeon
  3712 | D:5      | Found a radiant altar of Vehumet.
  4133 | D:5      | Found an ancient bone altar of Kikubaaqudgha.
  4142 | D:5      | Found a sacrificial altar of Ru.
  4145 | D:5      | Found a blossoming altar of Fedhas.
  4146 | D:5      | Found an ornate altar of the Wu Jian Council.
  4146 | D:5      | Found a hazy altar of Hepliaklqana.
  4146 | D:5      | Found a stormy altar of Qazlal.
  4151 | D:5      | Found a broken altar of Ashenzari.
  4512 | D:6      | Learned a level 2 spell: Blink
  4563 | D:6      | Reached skill level 1 in Spellcasting
  4563 | D:6      | Reached skill level 1 in Translocations
  4715 | D:6      | Reached XP level 9. HP: 67/79 MP: 9/11
  4826 | D:6      | Noticed Maggie
  5513 | D:6      | Noticed Eustachio
  5535 | D:6      | Killed Eustachio
  6235 | D:7      | Found a staircase to the Ecumenical Temple.
  6529 | D:7      | Reached skill level 5 in Translocations
  6662 | D:7      | Reached skill level 5 in Spellcasting
  6672 | D:7      | Reached XP level 10. HP: 25/86 MP: 16/16
  8653 | D:6      | Killed Maggie
  9145 | D:8      | Found a snail-covered altar of Cheibriados.
  9178 | D:8      | Found a shimmering altar of Xom.
  9504 | D:8      | Reached skill level 10 in Unarmed Combat
 10196 | Temple   | Entered the Ecumenical Temple
 10211 | Temple   | Became a worshipper of Dithmenos the Shadowed
 10211 | Temple   | Reached * piety under Dithmenos
 10211 | Temple   | Reached ** piety under Dithmenos
 10242 | D:7      | Killed an unseen horror
 10554 | D:7      | Reached XP level 11. HP: 76/92 MP: 19/19
 11688 | D:9      | Identified a scroll of acquirement
 11688 | D:9      | Acquired 969 gold pieces
 11917 | D:1      | Bought a ring of see invisible for 180 gold pieces
 11917 | D:1      | Bought the ring "Uxufad" {rElec rPois rF+} for 492 gold
                  | pieces
 11919 | D:1      | Upgraded the game from 0.30-a0-772-g5528072125 to
                  | 0.30-a0-777-ga9a30cbeda
 12459 | D:9      | Found a bloodstained altar of Trog.
 12470 | D:9      | Found a shimmering blue altar of Sif Muna.
 12479 | D:9      | Got Sif Muna's Directory of Torrid Configuration
 12942 | D:10     | Entered Level 10 of the Dungeon
 13011 | D:10     | Found a runed translucent door.
 13016 | D:10     | Found a basalt altar of Yredelemnul.
 13063 | D:10     | Reached *** piety under Dithmenos
 13269 | D:10     | Noticed Joseph
 13287 | D:10     | Killed Joseph
 13469 | D:10     | Reached **** piety under Dithmenos
 13547 | D:10     | Found a staircase to the Orcish Mines.
 13588 | D:10     | Found a staircase to the Lair.
 13588 | D:10     | Noticed a fire crab
 13614 | D:10     | Killed a fire crab
 13817 | D:10     | Found a portal to a secret trove of treasure.
 14386 | D:10     | Reached skill level 10 in Fighting
 14454 | D:10     | Reached XP level 12. HP: 99/106 MP: 20/20
 14499 | D:10     | Noticed a sun demon
 14729 | Lair:1   | Entered Level 1 of the Lair of Beasts
 15002 | Lair:1   | Reached skill level 10 in Dodging
 15371 | Lair:1   | Reached skill level 1 in Invocations
 15391 | Lair:1   | Reached ***** piety under Dithmenos
 15541 | Lair:1   | Identified the amulet "Bikaurun" {Acrobat rF+}
 16359 | Lair:2   | Reached skill level 5 in Invocations
 16606 | D:1      | Bought a +4 ring of slaying for 936 gold pieces
 16890 | Lair:2   | Found a staircase to the Swamp.
 17342 | Lair:2   | Reached XP level 13. HP: 77/116 MP: 21/21
 18083 | Lair:2   | Reached skill level 10 in Invocations
 18203 | Lair:2   | Identified the ring "Cieffikh" {rElec EV+5 Str+6 Dex-3}
 18570 | Lair:1   | Reached skill level 1 in Armour
 19328 | Lair:3   | Reached skill level 5 in Armour
 19796 | Lair:3   | Reached ****** piety under Dithmenos
 19876 | Lair:3   | Found a hole to the Spider Nest.
 20355 | Lair:4   | Reached XP level 14. HP: 124/124 MP: 22/22
 20403 | Lair:4   | Noticed Urug
 20419 | Lair:4   | HP: 3/124 [Urug/+6 great sword (20)]
 20420 | Lair:4   | Slain by Urug

Illustrated notes

Levels and vault maps discovered:
D:1:      enne_arrival_octagon_isle, layout_rooms, serial_shops, shop,
          chequers_serial_rivers_room_b
D:2:      layout_loops_ring, serial_shops,
          nicolae_shop_temple_entry_statues_fountains, shop,
          nicolae_square_shop, shop, shop_statue, grunt_decor_one_mirror
D:3:      layout_basic, st_stairs_2, uniq_sigmund
D:4:      layout_cave_pools, makhleb_blood_cavern_becter, uniq_duvessa
D:5:      layout_basic, minitemple, mainiacjoe_overflow_24_doors,
          minmay_misc_feat_tiny
D:6:      layout_cave_pods, grunt_ministairs_14, serial_bayou_pond_c,
          eino_small_chamber_without_monster, dreamdust_princess_corridor,
          uniq_maggie, uniq_eustachio
D:7:      nzn_winding_woodlands_medium [nzn_winding_woodlands_5x5_perimeter,
          nzn_winding_woodlands_5x15_pathside_ponds,
          nzn_winding_woodlands_5x5_closed_star,
          nzn_winding_woodlands_5x5_default,
          nzn_winding_woodlands_center_pierced_h,
          nzn_winding_woodlands_5x5_checkerboard,
          nzn_winding_woodlands_5x5_three, nzn_winding_woodlands_5x15_twine,
          nzn_winding_woodlands_5x5_open_star], layout_basic,
          minmay_temple_entry_arrows
D:8:      layout_basic, grunt_temple_overflow_open, st_stairs_7
D:9:      layout_roguey, nzn_overflow_gifts_of_might_and_magic,
          minmay_misc_feat_ornament
D:10:     layout_big_octagon, dk_yredelemnul_ordeal, minmay_lair_entry_lava,
          hiddenorc2_lemuel, enter_trove_2, kennysheep_small_spiral,
          kennysheep_kite_vault, uniq_joseph
Temple:   hellmonk_temple_two_chambers
Lair:1:   layout_chaotic_city, grunt_megastairs_4, lemuel_fruit_fields,
          infiniplex_staircase_pool_2
Lair:2:   regret_index_wax_grids, layout_gridlike, minmay_swamp_entry_swarm,
          grunt_megastairs_5
Lair:3:   layout_roguey, nicolae_spider_entry_tight_spaces,
          nicolae_lair_grove_arrangements
Lair:4:   layout_layer_cave, minmay_slime_entry_oklob_open,
          gammafunk_ghost_cemetery, lemuel_fruit_tree, uniq_urug

Skill      XL: |  1  2  3  4  5  6  7  8  9 10 11 12 13 |
---------------+----------------------------------------+-----
Unarmed Combat | 4 5 6 7 10 11 | 11.6
Fighting       | 4 6 7 10 11 | 11.6
Dodging        | 3 4 5 7 9 11 | 11.4
Spellcasting   | 2 5 6 |  6.0
Translocations | 2 5 6 |  6.0
Invocations    | 8 11 | 11.0
Armour         | 5 |  5.0
Stealth        | |  2.1

Action                     |  1- 3 |  4- 6 |  7- 9 | 10-12 | 13-15 || total
---------------------------+-------+-------+-------+-------+-------++-------
  Melee: Unarmed           |    40 |   109 |   320 |  1021 |   441 ||  1931
         Punch             |       |     1 |    15 |    69 |    46 ||   131
   Fire: Sling             |    50 |    72 |   148 |   266 |    78 ||   614
         Arbalest          |       |       |       |    11 |       ||    11
 Invoke: Shadow Form       |       |       |       |       |     1 ||     1
    Use: Scroll            |     6 |     3 |     5 |    13 |       ||    27
         Potion            |       |     1 |     3 |       |     1 ||     5
   Stab: Distracted        |       |       |       |     2 |       ||     2
 Armour: Robe              |     5 |       |       |       |       ||     5
         Ring mail         |     3 |    29 |   100 |    51 |       ||   183
         Acid dragon scale |       |       |       |   201 |    98 ||   299
         Troll leather arm |       |       |       |     3 |       ||     3
  Dodge: Dodged            |    26 |    60 |   186 |   691 |   449 ||  1412

Table legend: (Time is in decaauts)
 A = Elapsed time spent in this place.
 B = Non-inter-level travel time spent in this place.
 C = Inter-level travel time spent in this place.
 D = Time resting spent in this place.
 E = Time spent auto-exploring this place.
 F = Levels seen in this place.
 G = Mean time per level.
                   A        B        C        D        E       F      G
               +--------+--------+--------+--------+--------+-----+--------+
         Total |  20149 |  18187 |   1962 |   2854 |  10749 |  15 | 1343.3 |
       Dungeon |  15021 |  13282 |   1739 |   2393 |   7734 |  10 | 1502.1 |
        Temple |     22 |     22 |      0 |      0 |     11 |   1 |   22.0 |
          Lair |   5105 |   4882 |    223 |    461 |   3003 |   4 | 1276.2 |
               +--------+--------+--------+--------+--------+-----+--------+

Top non-repeatable levels by time:
     D:7: 2747 daAuts
     D:6: 2413 daAuts
  Lair:1: 2045 daAuts
    D:10: 1694 daAuts
  Lair:2: 1539 daAuts
     D:9: 1508 daAuts
     D:8: 1397 daAuts
     D:5: 1328 daAuts
     D:2: 1270 daAuts
  Lair:3: 1206 daAuts
     D:3: 1116 daAuts
     D:4: 873 daAuts
     D:1: 668 daAuts
  Lair:4: 314 daAuts
  Temple: 22 daAuts
